 Dungeon Crawl Stone Soup version 0.22.0-6-g71bd7aa (webtiles) character file.

91 MovingMist the Shield-Bearer (level 4, -5/29 HPs)
             Began as a Gargoyle Fighter on Aug 15, 2018.
             Slain by an ogre
             ... wielding a +0 giant club
              (15 damage)
             ... on level 4 of the Dungeon.
             The game lasted 00:03:50 (1949 turns).

MovingMist the Shield-Bearer (Gargoyle Fighter)     Turns: 1949, Time: 00:03:51

Health: -5/29      AC: 15    Str: 20    XL:     4   Next: 59%
Magic:  4/4        EV:  5    Int:  8    God:
Gold:   201        SH:  9    Dex: 10    Spells: 3/3 levels left

rFire    . . .     SeeInvis .   t - +0 morningstar
rCold    . . .     Gourm    .   c - +0 shield
rNeg     + . .     Faith    .   o - +0 chain mail
rPois    ∞         Spirit   .   h - +0 helmet
rElec    +         Reflect  .   (no cloak)
rCorr    .         Harm     .   v - +0 pair of gloves
MR       .....                  (no boots)
Stlth    ..........             (no amulet)
HPRegen  0.09/turn              (no ring)
MPRegen  0.09/turn              (no ring)

@: no status effects
A: negative energy resistance 1, electricity resistance, unbreathing,
petrification resistance, rot immunity, AC +3
a: no special abilities


You were on level 4 of the Dungeon.
You were hungry.

You visited 1 branch of the dungeon, and saw 4 of its levels.

You collected 201 gold pieces.

Inventory:

Hand Weapons
 t - a +0 morningstar (weapon)
Armour
 c - a +0 shield (worn)
 h - a +0 helmet (worn)
 o - a +0 chain mail (worn)
 v - a +0 pair of gloves (worn)
Scrolls
 b - 4 scrolls of magic mapping {unknown}
 e - 2 scrolls of enchant weapon {unknown}
 i - 2 scrolls of blinking {unknown}
 l - a scroll of teleportation {unknown}
 m - 4 scrolls of identify {unknown}
 n - a scroll of amnesia {unknown}
 p - 2 scrolls of remove curse {unknown}
 q - a scroll of fog {unknown}
 s - a scroll of random uselessness {unknown}
Potions
 a - a potion of resistance {unknown}
 d - 3 potions of might
 j - a potion of agility {unknown}
 k - a potion of brilliance {unknown}
 r - a potion of mutation {unknown}
 u - a potion of haste {unknown}
Comestibles
 f - 6 rations


   Skills:
 + Level 3.7 Fighting
 + Level 3.3 Maces & Flails
 + Level 3.8 Armour
 + Level 0.1 Dodging
 + Level 3.9 Shields


You had 3 spell levels left.
You didn't know any spells.
Your spell library was empty.

Dungeon Overview and Level Annotations

Branches:
Dungeon (4/15)
 Temple: D:4-7

Altars:
Vehumet


Innate Abilities, Weirdness & Mutations

You are resistant to torment.
Your stone body is resilient. (AC +3)
You are immune to poison.
You resist negative energy. (rN+)
You are resistant to electric shocks. (rElec)
You can survive without breathing.
You are immune to petrification.
You are immune to rotting.


Message History

The ogre is lightly wounded.
The ogre hits you with a giant club!
Ouch! That really hurt!
Your shield and chain mail prevent you from hitting the ogre.
The ogre is lightly wounded.
The ogre hits you with a giant club. You block the ogre's attack.
You puncture the ogre!
The ogre is heavily wounded.
You block the ogre's attack.
You hit the ogre.
The ogre is heavily wounded.
You block the ogre's attack.
You barely miss the ogre.
The ogre is heavily wounded.
The ogre barely misses you.
You hit the ogre.
The ogre is severely wounded.
The ogre hits you with a giant club!
Ouch! That really hurt!
You die...

#.........#
+.........+
#.........#
#.......# #.....#
#...# #'# #O#
#@#######
##########.......#
#<..........####.#
#.###.(......#
#.##.###.###....#
#.......#
#..#.....
#.##.#####
#..#####.# # #.#
#..# #.# #...


You could see an ogre.

Vanquished Creatures
  3 adders
  3 dart slugs
  5 orcs (D:3)
  5 giant cockroaches
  7 goblins
  6 hobgoblins
  2 jackals (D:1)
  4 kobolds
  2 ball pythons (D:2)
  5 bats
  6 frilled lizards
  7 rats
55 creatures vanquished.

Notes
Turn   | Place    | Note
-------+----------+-------------------------------------------
     0 | D:1      | MovingMist the Gargoyle Fighter began the quest for the Orb.
     0 | D:1      | Reached XP level 1. HP: 14/14 MP: 1/1
   333 | D:1      | Reached XP level 2. HP: 19/19 MP: 2/2
   919 | D:2      | Found a radiant altar of Vehumet.
   974 | D:2      | Reached XP level 3. HP: 21/23 MP: 3/3
  1551 | D:3      | Reached XP level 4. HP: 23/29 MP: 4/4
  1936 | D:4      | Noticed an ogre
  1949 | D:4      | Slain by an ogre

Skill      XL: |  1  2  3 |
---------------+----------+-----
Maces & Flails | 3 |  3.3
Fighting       | |  3.7
Armour         | |  3.8
Dodging        | |  0.1
Shields        | |  3.9

Action                   |  1- 3 |  4- 6 || total
-------------------------+-------+-------++-------
Melee: Flail             |   125 |    25 ||   150
       Morningstar       |       |    11 ||    11
  Eat: Chunk             |     2 |     1 ||     3
Armor: Scale mail        |    58 |       ||    58
       Chain mail        |    21 |    20 ||    41
Dodge: Dodged            |    35 |     8 ||    43
Block: Shield            |    58 |    18 ||    76
